 Dungeon Crawl Stone Soup version 0.18-a0-1542-g9c1a92e (webtiles) character file.

2318 Oddball22 the Tainter (level 9, -10/57 HPs)
             Began as a Demonspawn Venom Mage on Mar 10, 2016.
             Was a Priest of Sif Muna.
             Killed from afar by Pikel (14 damage)
             ... with a wand of lightning
             ... on level 7 of the Dungeon.
             The game lasted 00:31:37 (9119 turns).

Oddball22 the Tainter (Demonspawn Venom Mage)       Turns: 9119, Time: 00:31:39

Health: -10/57     AC: 10    Str: 10    XL:     9   Next: 18%
Magic:  0/16       EV: 12    Int: 19    God:    Sif Muna [***...]
Gold:   443        SH:  0    Dex: 13    Spells: 5 memorised, 3 levels left

rFire  . . .     SeeInvis .     e - +1 dagger (flame)
rCold  . . .     Gourm    .     a - +0 robe
rNeg   . . .     Faith    .     (no shield)
rPois  .         Spirit   +     y - +2 helmet
rElec  .         Dismiss  .     k - +0 cloak
rCorr  .         Reflect  .     w - +0 pair of gloves
SustAt .         Harm     .     (no boots)
MR     .....                    m - amulet of guardian spirit
Stlth  ++........               (no ring)
                                (no ring)

@: not resistant to hostile enchantments, unstealthy
A: hooves 1, thin metallic scales 2, demonic guardian 1, rot immunity
a: Channel Energy, Renounce Religion


You were on level 7 of the Dungeon.
You worshipped Sif Muna.
Sif Muna was most pleased with you.
You were hungry.

You visited 2 branches of the dungeon, and saw 8 of its levels.

You collected 443 gold pieces.

Inventory:

Hand Weapons
 e - a +1 dagger of flaming (weapon)
 j - a cursed -2 dagger
 n - a +1 antimagic falchion
Armour
 a - a +0 robe (worn)
 k - a +0 cloak (worn)
 r - a +0 shield
 w - a +0 pair of gloves (worn)
 y - a +2 helmet (worn)
Magical Staves
 g - an uncursed staff of earth
Rods
 i - a +0 iron rod (14/14)
   (You found it on level 6 of the Dungeon)
Jewellery
 m - an amulet of guardian spirit (around neck)
Wands
 t - a wand of iceblast (7/15)
Scrolls
 l - a scroll of magic mapping
 o - 3 scrolls of identify
 p - a scroll of enchant weapon {unknown}
 q - a scroll of recharging {unknown}
 s - 3 scrolls of fog {unknown}
 u - a scroll of teleportation {unknown}
 x - a scroll of immolation {unknown}
 z - a scroll of amnesia {unknown}
Potions
 v - a potion of brilliance
 A - a potion of mutation {unknown}
Books
 b - a Young Poisoner's Handbook

   Spells                             Type                      Level
   a - Sting                          Conjuration/Poison           1
   b - Cure Poison                    Poison                       2
   c - Mephitic Cloud                 Conjuration/Poison/Air       3
   d - Olgreb's Toxic Radiance        Poison                       4
   e - Venom Bolt                     Conjuration/Poison           5
Comestibles
 c - 6 bread rations
 d - 3 meat rations
 f - 3 slices of pizza
 h - 3 fruits
 B - a chunk of flesh
 C - a beef jerky


   Skills:
 - Level 1.7 Dodging
 - Level 1.7 Stealth
 * Level 5.0 Spellcasting
 - Level 5.1 Conjurations
 - Level 4.7 Air Magic
 + Level 9.2 Poison Magic


You had 3 spell levels left.
You knew the following spells:

 Your Spells              Type           Power        Failure   Level  Hunger
a - Sting                 Conj/Pois      ####         1%          1    None
b - Cure Poison           Pois           #####.....   1%          2    #......
c - Mephitic Cloud        Conj/Pois/Air  ####....     2%          3    ##.....
d - Olgreb's Toxic Radia  Pois           #####...     3%          4    ####...
e - Venom Bolt            Conj/Pois      ####......   21%         5    ######.


Dungeon Overview and Level Annotations

Branches:
Dungeon (7/15)             Temple (1/1) D:4

Altars:
Ashenzari
Cheibriados
Dithmenos
Elyvilon
Fedhas
Gozag
Kikubaaqudgha
Makhleb
Nemelex Xobeh
Okawaru
Pakellas
Qazlal
Ru
Sif Muna
Trog
Vehumet
Yredelemnul
Zin

Shops:
D:4 :*   D:5 =   D:6 (

Annotations:
D:7 Pikel


Innate Abilities, Weirdness & Mutations

You have large cloven feet.
You are mostly covered in thin metallic scales (AC +3).
A weak demonic guardian rushes to your aid.
You are immune to rotting.


Message History

Pikel zaps a wand.
The bolt of lightning hits you!
* * * LOW HITPOINT WARNING * * *
Your ufetubus misses Pikel.
Your ufetubus barely misses Pikel.
Pikel sighs. "I should go into elves; they're easier to handle.
And prettier!"
Pikel zaps a wand.
The bolt of lightning misses you. The bolt of lightning hits you!
* * * LOW HITPOINT WARNING * * *
There is a stone staircase leading up here.
Evoke which item? (* to show all) (? for menu, Esc to quit)
Zapping:
t - a wand of iceblast (will waste charges)
Press: ? - help, Shift-Dir - straight line, f/p - Pikel
Aim: Pikel, wielding a whip of flaming, wearing a glowing robe and carrying a wand of lightning {zapped: 4} (heavily wounded)
The mass of ice explodes!
The iceblast engulfs Pikel.
Pikel is heavily wounded.
You feel a bit more experienced.
Your demonic guardian avoids your attack.
Evoking this partially-identified wand wasted a few charges.
Your ufetubus hits Pikel.
Your ufetubus barely misses Pikel.
Pikel zaps a wand.
The bolt of lightning hits you!
You die...

..........#......# #.#.#
#.........#......# #...#
#.........#......#######..#
#.........Y............#..#
#.........[).....5.5...#..#
#........).......K[Z5..##.### .
#.........#......#...Z.s..[.# ...
#######.###..###.#.######[#ยง#....
#.#....#..@#.# #[.......
#.#.##.#.#.#.# #>(......
#######)#.##.#...#.# #...Z....
........#.##.#####.# #........
#########.##.......# #........
#.########## #........ #.#
#?#.#.... #.# #.#...$?. #.#
#.###...K


You could see Pikel and a friendly ufetubus.

Vanquished Creatures
  Prince Ribbit (D:5)
  Menkaure (D:5)
  Duvessa (D:5)
  2 slaves (D:7)
  4 ice beasts
  An orc warrior (D:7)
  2 sky beasts (D:6)
  A phantom (D:5)
  A centaur (D:7)
  A crocodile (D:6)
  Dowan (D:5)
  A scorpion (D:5)
  A jelly (D:6)
  2 hounds (D:7)
  An orc priest (D:6)
  A centaur zombie (D:6)
  7 orc wizards
  4 iguanas
  Natasha (thrice) (D:2)
  3 worker ants
  9 adders
  A shadow imp (D:5)
  An adder skeleton (D:7)
  An adder zombie (D:5)
  5 worms
  6 dart slugs
  7 giant geckos
  27 orcs
  9 bats
  6 giant cockroaches
  7 goblins
  6 hobgoblins
  2 jackals (D:3)
  8 kobolds
  5 ball pythons
  4 giant newts
  7 rats
150 creatures vanquished.

Vanquished Creatures (collateral kills)
  A water moccasin (D:6)
  2 slaves (D:7)
  An ogre (D:7)
  A giant frog (D:6)
  A howler monkey (D:5)
  2 crimson imps
  A worker ant (D:7)
  5 orcs
14 creatures vanquished.

Vanquished Creatures (others)
  4 plants (D:1)
4 creatures vanquished.

Grand Total: 168 creatures vanquished

Notes
Turn   | Place    | Note
--------------------------------------------------------------
     0 | D:1      | Oddball22 the Demonspawn Venom Mage began the quest for the Orb.
     0 | D:1      | Reached XP level 1. HP: 13/13 MP: 3/3
   539 | D:1      | Gained mutation: You are partially covered in thin metallic scales (AC +2). [demonic ancestry]
   539 | D:1      | Reached XP level 2. HP: 14/19 MP: 0/5
   900 | D:1      | Learned a level 2 spell: Cure Poison
  1265 | D:1      | Gained mutation: A weak demonic guardian rushes to your aid. [demonic ancestry]
  1265 | D:1      | Reached XP level 3. HP: 24/24 MP: 7/7
  1458 | D:1      | Learned a level 3 spell: Mephitic Cloud
  1887 | D:2      | Reached XP level 4. HP: 20/30 MP: 5/9
  2142 | D:2      | Noticed Natasha
  2166 | D:2      | Learned a level 4 spell: Olgreb's Toxic Radiance
  2350 | D:2      | Found a faded altar to an unknown god.
  2442 | D:2      | Found a shadowy altar of Dithmenos.
  3048 | D:3      | Gained mutation: You have large cloven feet. [demonic ancestry]
  3048 | D:3      | Reached XP level 5. HP: 22/35 MP: 4/11
  3509 | D:2      | Killed Natasha
  3509 | D:2      | Reached skill level 5 in Poison Magic
  3829 | D:2      | Noticed Natasha
  3837 | D:2      | Killed Natasha
  3905 | D:2      | Noticed Natasha
  3917 | D:2      | Killed Natasha
  3917 | D:2      | Gained mutation: You are mostly covered in thin metallic scales (AC +3). [demonic ancestry]
  3917 | D:2      | Reached XP level 6. HP: 31/41 MP: 1/13
  4078 | D:4      | Found Xikk's Book Emporium.
  4129 | D:4      | Reached skill level 5 in Spellcasting
  4136 | D:4      | Learned a level 5 spell: Venom Bolt
  4333 | D:4      | Found a staircase to the Ecumenical Temple.
  4345 | Temple   | Entered the Ecumenical Temple
  4369 | Temple   | Became a worshipper of Sif Muna the Loreminder
  4488 | D:4      | Found Gozag's Platinum Reserve.
  4490 | D:4      | Found an opulent altar of Gozag.
  4559 | D:4      | Found an ancient bone altar of Kikubaaqudgha.
  4565 | D:4      | Found a bloodstained altar of Trog.
  4568 | D:4      | Found a sparkling altar of Nemelex Xobeh.
  4628 | D:5      | Entered Level 5 of the Dungeon
  4774 | D:5      | Noticed Duvessa
  4779 | D:5      | Noticed Dowan
  4784 | D:5      | Reached skill level 1 in Conjurations
  4784 | D:5      | Reached skill level 1 in Air Magic
  4793 | D:5      | Killed Duvessa
  4803 | D:5      | Killed Dowan
  4803 | D:5      | Reached skill level 6 in Poison Magic
  4803 | D:5      | Gained mutation: You are immune to rotting. [demonic ancestry]
  4803 | D:5      | Reached XP level 7. HP: 39/46 MP: 3/14
  4913 | D:5      | Noticed Menkaure
  4932 | D:5      | Killed Menkaure
  4932 | D:5      | Reached * piety under Sif Muna
  5117 | D:5      | Noticed Prince Ribbit
  5242 | D:5      | Found Bot Omnu's Jewellery Shoppe.
  5424 | D:5      | Killed Prince Ribbit
  5536 | D:5      | Reached skill level 7 in Poison Magic
  6157 | D:6      | Reached XP level 8. HP: 24/52 MP: 4/15
  6359 | D:6      | Reached ** piety under Sif Muna
  6642 | D:6      | Gained mutation: You evolve. [mutagenic meat]
  6643 | D:6      | Gained mutation: Scrolls take you a little longer to read. [mutagenic meat]
  6644 | D:6      | Gained mutation: Armour fits poorly on your strangely shaped body. [mutagenic meat]
  6698 | D:6      | Found a shattered altar of Ashenzari.
  6810 | D:6      | Reached skill level 8 in Poison Magic
  6816 | D:6      | HP: 1/52 [acid (6)]
  6819 | D:6      | Lost mutation: You evolve. [potion of cure mutation]
  6819 | D:6      | Lost mutation: Scrolls take you a little longer to read. [potion of cure mutation]
  6819 | D:6      | Lost mutation: Armour fits poorly on your strangely shaped body. [potion of cure mutation]
  7756 | D:6      | Reached *** piety under Sif Muna
  7797 | D:6      | Found Jiyfusch's Antique Weapon Shoppe.
  8435 | D:7      | Reached XP level 9. HP: 54/57 MP: 10/16
  8556 | D:7      | Reached skill level 5 in Conjurations
  8802 | D:7      | Reached skill level 9 in Poison Magic
  9091 | D:7      | Noticed Pikel
  9119 | D:7      | Killed from afar by Pikel

Vault maps used:
D:1:      scummos_arrival_star, corexii_corridor_pit, corexii_leaking_fountain,
          lexackson_kobold_supper
D:2:      ecumenical_altar_2, nicolae_dithmenos_through_a_glass_darkly,
          uniq_natasha
D:3:      first_bread
D:4:      grunt_temple_overflow_diamond, temple_hall, serial_shops, shop_coins,
          nicolae_gozag_zags_fifth_avenue
D:5:      serial_shops, shop_statue, st_stairs_8, uniq_prince_ribbit1,
          uniq_duvessa, uniq_menkaure
D:6:      serial_shops, kennysheep_mini, basic_altar
D:7:      uniq_pikel
Temple:   nicolae_temple_x_marks_the_god_16

Skill      XL: |  1  2  3  4  5  6  7  8  9 |
---------------+----------------------------+-----
Spellcasting   | 3 4 5 |  5.0
Poison Magic   | 5 6 7 8 9 |  9.2
Conjurations   | 1 3 4 5 |  5.1
Air Magic      | 1 2 4 |  4.7
Dodging        | |  1.7
Stealth        | |  1.7

Action                   |  1- 3 |  4- 6 |  7- 9 || total
-------------------------+-------+-------+-------++-------
Melee: Unarmed           |    31 |       |       ||    31
       Dagger            |    84 |   164 |   290 ||   538
 Cast: Sting             |    34 |   108 |   124 ||   266
       Cure Poison       |     2 |     2 |    10 ||    14
       Olgreb's Toxic Ra |       |       |     7 ||     7
       Mephitic Cloud    |       |       |     1 ||     1
       Venom Bolt        |       |       |     3 ||     3
Evoke: Wand              |       |       |     1 ||     1
  Use: Potion            |     2 |       |     6 ||     8
       Scroll            |       |     3 |       ||     3
 Stab: Invisible         |     1 |       |       ||     1
       Sleeping          |       |     1 |     2 ||     3
       Distracted        |       |     1 |       ||     1
  Eat: Chunk             |     3 |    10 |    18 ||    31
       Fruit             |       |       |     1 ||     1
